 Dungeon Crawl Stone Soup version 0.32-a0-40-g2adb59ae06 (webtiles) character file.

Game seed: 14374828473061325895

50589 Newt the Markskobold (level 14, -2/82 HPs)
             Began as a Kobold Hunter on Jan 24, 2024.
             Was the Champion of Okawaru.
             Slain by a seven-headed hydra (6 damage)
             ... on level 3 of the Lair of Beasts.
             The game lasted 00:28:01 (21081 turns).

Newt the Markskobold (Kobold Hunter)               Turns: 21081, Time: 00:28:02

Health: -2/82      AC: 11    Str: 18    XL:     14   Next: 98%
Magic:  16/28      EV: 30    Int: 13    God:    Okawaru [******]
Gold:   872        SH:  0    Dex: 38    Spells: 26/34 levels left

rFire   . . .        T - +3 triple crossbow "Vezam" {freeze, Int+3 Dex+2 SInv}
rCold   + . .        (shield currently unavailable)
rNeg    . . .        U - +0 robe "Baurphaps" {Will+ Str+5}
rPois   +            P - +0 helmet
rElec   .            i - +0 cloak of Wacwant {-Tele rPois rC+ Str+2}
rCorr   .            A - +2 pair of gloves {Str+3}
SInv    +            k - +1 pair of boots
Will    ++...        (no amulet)
Stlth   ++++++       I - +6 ring of dexterity
HPRegen 0.33/turn    w - +6 ring of dexterity
MPRegen 0.21/turn

%: no teleportation
@: studying Spellcasting
A: small, no large weapons, nightstalker 3, iridescent scales 1, screaming 1
a: Renounce Religion, Heroism, Finesse, Duel


You were on level 3 of the Lair of Beasts.
You worshipped Okawaru.
Okawaru was exalted by your worship.
You visited 3 branches of the dungeon, and saw 19 of its levels.
You also visited: Sewer.

You collected 1065 gold pieces.
You spent 193 gold pieces at shops.

Inventory:

Hand Weapons
 a - a +4 shortbow of freezing
 b - a +2 antimagic shortbow
 T - the +3 triple crossbow "Vezam" (weapon) {freeze, Int+3 Dex+2 SInv}
   (Okawaru gifted it to you on level 3 of the Lair of Beasts)

   Int+3:     It affects your intelligence (+3).
   Dex+2:     It affects your dexterity (+2).
   SInv:      It lets you see invisible.
Armour
 c - a +0 leather armour
 i - the +0 cloak of Wacwant (worn) {-Tele rPois rC+ Str+2}
   (You found it on level 2 of the Dungeon)

   Str+2:     It affects your strength (+2).
   rC+:       It protects you from cold.
   rPois:     It protects you from poison -Tele: It prevents most forms of
   teleportation.
 k - a +1 pair of boots (worn)
 v - a +2 robe of willpower
 A - a +2 pair of gloves of strength (worn)
 E - a +0 ring mail of cold resistance
 P - a +0 helmet (worn)
 U - the +0 robe "Baurphaps" (worn) {Will+ Str+5}
   (Okawaru gifted it to you on level 3 of the Lair of Beasts)

   Str+5:     It affects your strength (+5).
   Will+:     It increases your willpower.
Jewellery
 m - a ring of poison resistance
 p - a ring of flight
 w - a +6 ring of dexterity (right hand)
 I - a +6 ring of dexterity (left hand)
 J - a +6 ring of dexterity
 L - a +6 ring of intelligence
Wands
 l - a wand of polymorph (13)
 q - a wand of flame (76)
 y - a wand of digging (9)
 M - a wand of roots (7)
 S - a wand of acid (5)
Scrolls
 o - 11 scrolls of teleportation
 u - 4 scrolls of blinking
 x - 2 scrolls of fear
 z - 3 scrolls of enchant armour
 B - a scroll of torment
 D - a scroll of immolation
 F - 5 scrolls of amnesia
 G - 4 scrolls of revelation
 H - a scroll of fog
 K - 2 scrolls of brand weapon
 N - 2 scrolls of butterflies
 Q - 2 scrolls of enchant weapon
 R - a scroll of noise
Potions
 d - 6 potions of degeneration
 e - 3 potions of curing
 f - 2 potions of heal wounds
 g - a potion of might
 h - 3 potions of cancellation
 j - 2 potions of enlightenment
 n - 2 potions of berserk rage
 r - 2 potions of ambrosia
 s - 2 potions of magic
 t - 3 potions of brilliance
 C - 2 potions of attraction
 O - a potion of invisibility


   Skills:
 - Level 7.0 Fighting
 - Level 15.0 Ranged Weapons
 - Level 10.0 Dodging
 - Level 8.0 Stealth
 + Level 10.7 Spellcasting
 + Level 8.7 Earth Magic
 + Level 8.7 Alchemy
 - Level 11.0 Invocations
 - Level 10.0 Evocations


You had 26 spell levels left.
You knew the following spells:

 Your Spells              Type           Power      Damage    Failure   Level
a - Leda's Liquefaction   Alch/Erth      14%        N/A       3%          4
b - Petrify               Alch/Erth      29%        N/A       3%          4

Your spell library contained the following spells:

 Spells                   Type           Power      Damage    Failure   Level
 Alistair's Intoxication  Alch           19%        N/A       8%          5
 Apportation              Tloc           12%        N/A       11%         1
 Foxfire                  Conj/Fire      24%        2x1d5     11%         1
 Magic Dart               Conj           24%        1d4       11%         1
 Jinxbite                 Hex            12%        N/A       16%         2
 Static Discharge         Conj/Air       12%        3-4/arc   16%         2
 Frozen Ramparts          Ice            12%        1d2       30%         3
 Airstrike                Air            3%         2d(1-17)  71%         4
 Passage of Golubria      Tloc           6%         N/A       71%         4
 Metabolic Englaciation   Hex/Ice        3%         N/A       96%         5
 Silence                  Hex/Air        3%         N/A       96%         5
 Plasma Beam              Fire/Air       3%         2x1d13    100%        6
 Starburst                Conj/Fire      3%         6d3       100%        6
 Lehudib's Crystal Spear  Conj/Erth      9%         10d4      100%        8
 Summon Ice Beast         Ice/Summ       Unusable   N/A       N/A         3
 Summon Lightning Spire   Summ/Air       Unusable   N/A       N/A         4
 Summon Mana Viper        Hex/Summ       Unusable   N/A       N/A         5
 Monstrous Menagerie      Summ           Unusable   N/A       N/A         7

Dungeon Overview and Level Annotations

Branches:
Dungeon (15/15)            Temple (1/1) D:4            Lair (3/5) D:9
  Swamp (0/4) Lair:3          Orc (0/2) D:10         Vaults (0/5) D:14
 Depths (0/4) D:15          Sewer (visited)
  Snake: Lair:2-3    Spider: Lair:2-3

Altars:
Ashenzari
Cheibriados
Dithmenos
Elyvilon
Fedhas
Gozag
Hepliaklqana
Kikubaaqudgha
Makhleb
Nemelex Xobeh
Okawaru
Qazlal
Ru
Sif Muna
Trog
Uskayaw
Vehumet
Wu Jian
Xom
Yredelemnul
Zin
The Shining One

Shops:
D:4 [   D:10 :=   D:14 ?


Innate Abilities, Weirdness & Mutations

You are small and have problems with some larger weapons.
You are completely attuned to the shadows.
You are partially covered in iridescent scales. (AC +2)
You occasionally shout uncontrollably at your foes.


Message History

Your magical contamination has completely faded away.
Unknown command.
You shoot a bolt. The bolt hits the seven-headed hydra!!
The bolt freezes the seven-headed hydra.
The seven-headed hydra is lightly wounded.
Unknown command.
You shoot a bolt. The bolt hits the seven-headed hydra!!
The bolt freezes the seven-headed hydra.
The seven-headed hydra is moderately wounded.
The seven-headed hydra is no longer petrified.
The seven-headed hydra completely misses you.
The seven-headed hydra closely misses you. x2
The seven-headed hydra barely misses you.
The seven-headed hydra misses you. x2
The seven-headed hydra completely misses you.
You shoot a bolt.
The bolt barely misses the seven-headed hydra.
The seven-headed hydra closely misses you.
The seven-headed hydra completely misses you.
The seven-headed hydra bites you.
* * * LOW HITPOINT WARNING * * *
The seven-headed hydra completely misses you.
The seven-headed hydra bites you!
* * * LOW HITPOINT WARNING * * *
The seven-headed hydra closely misses you. x2
Unknown command.
Casting: Petrify (dangerous; 3% risk of failure)
Confirm with . or Enter, or press ? or * to list all spells.
Aiming: Petrify (dangerous; 3% risk of failure)
Press: ? - help, Shift-Dir - straight line, f/p - seven-headed hydra
Aim: a seven-headed hydra (moderately wounded, slow, chance to affect: 25%)
The seven-headed hydra resists with almost no effort.
The seven-headed hydra is no longer moving slowly.
The seven-headed hydra completely misses you.
The seven-headed hydra bites you.
* * * LOW HITPOINT WARNING * * *
The seven-headed hydra bites you!
* * * LOW HITPOINT WARNING * * *
The seven-headed hydra bites you.
You die...

.....#
##...#
#...#
##...##
#.....#
#....##
#P...#
##.D.##
#.@..#
.......#
......##
......#
#.....#


You could see a seven-headed hydra.

Vanquished Creatures
  Kirke (D:14)
  Roxanne (D:14)
  A stone giant (D:15)
  An ironbound thunderhulk (D:14)
  A vault guard (D:14)
  A ghost crab (Lair:3)
  6 centaur warriors
  4 boulder beetles
  3 tengu warriors
  2 skysharks
  An arcanist (D:14)
  A spectral hydra (Lair:3)
  Pikel (D:5)
  A deep elf pyromancer (D:14)
  9 ugly things
  7 cyclopes
  3 manticores
  Maurice (D:7)
  13 elephants
  2 black mambas
  7 cane toads
  A gargoyle (D:12)
  2 kobold demonologists (D:11)
  3 unseen horrors
  3 komodo dragons (Lair:1)
  A tengu conjurer (D:13)
  A yaktaur (shapeshifter) (D:14)
  8 blink frogs (Lair:2)
  A slime creature (D:14)
  2 shadows
  2 wyverns
  2 wraiths (D:10)
  A spriggan (shapeshifter) (D:14)
  38 yaks
  Eustachio (D:4)
  A vampire (D:13)
  5 humans (D:14)
  2 steam dragons
  4 basilisks
  12 vampire mosquitoes
  An acid dragon (D:10)
  6 water moccasins
  4 orc warriors
  A sky beast (D:7)
  2 laughing skulls (D:15)
  4 black bears
  A boggart (D:15)
  8 wolves
  2 ogres (D:5)
  12 centaurs
  2 kobold brigands
  8 bullfrogs
  2 gnoll sergeants
  11 wights
  8 killer bees
  6 howler monkeys
  2 electric eels (D:9)
  2 bombardier beetles
  6 orc priests
  A gnoll bouda (D:7)
  2 hounds
  5 jellies
  2 iguanas
  10 orc wizards
  2 sleepcaps
  Natasha (thrice) (D:4)
  A statue (D:11)
  17 gnolls
  A river rat (Sewer)
  13 adders
  3 shadow imps
  3 white imps
  2 ufetubi (D:6)
  5 ribbon worms
  3 dart slugs
  46 orcs
  4 ball pythons
  13 endoplasms
  5 giant cockroaches
  6 goblins
  7 hobgoblins
  2 jackals (D:3)
  12 kobolds
  3 quokkas
  7 bats
  8 frilled lizards
  8 rats
439 creatures vanquished.

Notes
Turn   | Place    | Note
-------+----------+-------------------------------------------
     0 | D:1      | Newt the Kobold Hunter began the quest for the Orb.
     0 | D:1      | Reached XP level 1. HP: 12/12 MP: 1/1
   270 | D:1      | Reached XP level 2. HP: 18/18 MP: 2/2
   718 | D:2      | Reached XP level 3. HP: 24/24 MP: 3/3
   838 | D:2      | Identified the +0 cloak of Wacwant {-Tele rPois rC+ Str+2}
  1205 | D:2      | Found a faded altar of an unknown god.
  1342 | D:3      | Reached XP level 4. HP: 26/29 MP: 4/4
  1413 | D:3      | Reached skill level 6 in Ranged Weapons
  1690 | D:3      | Reached XP level 5. HP: 33/33 MP: 5/5
  2016 | D:3      | Reached skill level 7 in Ranged Weapons
  2182 | D:3      | You fall into a shaft and drop 3 floors!
  2188 | D:5      | Entered Level 5 of the Dungeon
  2221 | D:5      | Noticed a black bear
  2230 | D:5      | Killed a black bear
  2231 | D:5      | Reached skill level 8 in Ranged Weapons
  2231 | D:5      | Reached XP level 6. HP: 23/38 MP: 6/6
  2345 | D:5      | Found a white marble altar of Elyvilon.
  2357 | D:5      | Noticed an ogre
  2362 | D:5      | Killed an ogre
  2363 | D:5      | Reached skill level 9 in Ranged Weapons
  2363 | D:5      | Reached XP level 7. HP: 28/43 MP: 7/7
  2592 | D:5      | Found a sparkling altar of Nemelex Xobeh.
  2697 | D:4      | Noticed Pikel
  2701 | D:4      | Noticed Eustachio
  2720 | D:5      | Killed Pikel
  2721 | D:5      | Reached skill level 5 in Fighting
  2721 | D:5      | Reached XP level 8. HP: 14/51 MP: 8/8
  2866 | D:4      | Killed Eustachio
  2909 | D:4      | Noticed Natasha
  2915 | D:4      | Killed Natasha
  3023 | D:4      | Found a glowing drain.
  3029 | Sewer    | Entered a sewer
  3137 | Sewer    | Found a viscous altar of Jiyva.
  3296 | D:4      | Gained mutation: You are dopey. (Int -2) [potion of
                  | mutation]
  3297 | D:4      | Lost mutation: You are dopey. (Int -2) [potion of mutation]
  3297 | D:4      | Gained mutation: You occasionally lose the ability to read
                  | scrolls when taking damage. [potion of mutation]
  3297 | D:4      | Gained mutation: You sometimes lose your temper in combat.
                  | [potion of mutation]
  3297 | D:4      | Gained mutation: You have sharp fingernails. [potion of
                  | mutation]
  3297 | D:4      | Lost mutation: You sometimes lose your temper in combat.
                  | [potion of mutation]
  3298 | D:4      | Lost mutation: You have sharp fingernails. [potion of
                  | mutation]
  3298 | D:4      | Lost mutation: You occasionally lose the ability to read
                  | scrolls when taking damage. [potion of mutation]
  3298 | D:4      | Gained mutation: You occasionally shout uncontrollably at
                  | your foes. [potion of mutation]
  3298 | D:4      | Gained mutation: You are partially covered in iridescent
                  | scales. (AC +2) [potion of mutation]
  3317 | D:4      | Reached skill level 10 in Ranged Weapons
  3320 | D:4      | Found a staircase to the Ecumenical Temple.
  3334 | Temple   | Entered the Ecumenical Temple
  3338 | Temple   | Became a worshipper of Warmaster Okawaru
  3619 | D:4      | Found Pecroy's Antique Armour Shoppe.
  3624 | D:4      | Bought an embroidered robe for 70 gold pieces
  3670 | D:4      | Noticed Natasha
  3672 | D:4      | Killed Natasha
  3834 | D:4      | Noticed Natasha
  3838 | D:4      | Killed Natasha
  4296 | D:5      | Reached XP level 9. HP: 57/57 MP: 9/9
  4340 | D:5      | Reached skill level 11 in Ranged Weapons
  5484 | D:7      | Reached skill level 12 in Ranged Weapons
  5484 | D:7      | Reached skill level 1 in Evocations
  6113 | D:7      | Noticed Maurice
  6121 | D:7      | Maurice stole a +6 ring of dexterity
  6125 | D:7      | Maurice stole 250 gold
  6126 | D:7      | Killed Maurice
  6126 | D:7      | Reached * piety under Okawaru
  6127 | D:7      | Reached skill level 5 in Evocations
  6225 | D:7      | Reached XP level 10. HP: 50/63 MP: 10/10
  6246 | D:7      | Reached skill level 13 in Ranged Weapons
  6273 | D:7      | Found an opulent altar of Gozag.
  6717 | D:7      | Reached ** piety under Okawaru
  6722 | D:7      | Reached skill level 14 in Ranged Weapons
  7156 | D:8      | Reached skill level 15 in Ranged Weapons
  7590 | D:8      | Found a burning altar of Makhleb.
  7596 | D:8      | Found a shadowy altar of Dithmenos.
  7596 | D:8      | Found a basalt altar of Yredelemnul.
  7597 | D:8      | Found a hazy altar of Hepliaklqana.
  7602 | D:8      | Found a sacrificial altar of Ru.
  8025 | D:9      | Reached skill level 5 in Stealth
  8107 | D:9      | Reached skill level 1 in Invocations
  8124 | D:9      | Reached *** piety under Okawaru
  8369 | D:9      | Found a staircase to the Lair.
  8701 | D:10     | Entered Level 10 of the Dungeon
  8759 | D:10     | Found Wicageabb's One-of-a-Kind Rings.
  8850 | D:10     | Found Voofeg's Book Emporium.
  8954 | D:10     | Found a radiant altar of Vehumet.
  8957 | D:10     | Got Vehumet's Guide on Bolts
  9009 | D:10     | Found an ancient bone altar of Kikubaaqudgha.
  9158 | D:10     | Reached skill level 5 in Invocations
  9249 | D:10     | Reached XP level 11. HP: 67/67 MP: 13/15
  9455 | D:10     | Found a staircase to the Orcish Mines.
  9707 | D:10     | Found a shimmering blue altar of Sif Muna.
  9748 | D:11     | Noticed a white ugly thing
  9757 | D:11     | Killed a white ugly thing
  9757 | D:11     | Reached **** piety under Okawaru
 10207 | D:11     | Noticed a purple ugly thing
 10223 | D:11     | Killed a purple ugly thing
 10640 | D:11     | Reached ***** piety under Okawaru
 10880 | D:11     | Identified the +0 ring mail of Kikubaaqudgha's Scorn {Will+
                  | Int+5}
 11132 | D:11     | Found a radiant altar of Vehumet.
 11498 | D:12     | Noticed a manticore
 11510 | D:12     | Reached skill level 10 in Dodging
 11510 | D:12     | Killed a manticore
 11825 | D:12     | Noticed a boulder beetle
 11842 | D:12     | Killed a boulder beetle
 11843 | D:12     | Reached XP level 12. HP: 22/72 MP: 18/18
 12212 | D:12     | Received a gift from Okawaru
 12745 | D:13     | Reached skill level 10 in Evocations
 12835 | D:13     | Noticed a boulder beetle
 12859 | D:13     | Killed a boulder beetle
 12914 | D:13     | Noticed a centaur warrior
 12924 | D:13     | Killed a centaur warrior
 13021 | D:13     | Reached skill level 10 in Invocations
 13157 | D:13     | Noticed a centaur warrior
 13166 | D:13     | Killed a centaur warrior
 13166 | D:13     | Received a gift from Okawaru
 13271 | D:13     | Noticed a boulder beetle
 13287 | D:13     | Killed a boulder beetle
 13301 | D:13     | Noticed a tengu warrior
 13320 | D:13     | Killed a tengu warrior
 13579 | D:14     | Noticed Roxanne
 14174 | D:14     | Noticed a centaur warrior
 14200 | D:14     | Killed a centaur warrior
 14383 | D:14     | Noticed an ironbound thunderhulk
 14410 | D:14     | Killed an ironbound thunderhulk
 14411 | D:14     | Reached skill level 1 in Spellcasting
 14411 | D:14     | Reached skill level 1 in Earth Magic
 14411 | D:14     | Reached skill level 1 in Alchemy
 14411 | D:14     | Reached XP level 13. HP: 62/76 MP: 7/21
 14505 | D:14     | Noticed a centaur warrior
 14516 | D:14     | Killed a centaur warrior
 14648 | D:14     | Received a gift from Okawaru
 14660 | D:14     | Noticed a centaur warrior
 14667 | D:14     | Killed a centaur warrior
 14713 | D:14     | Learned a level 4 spell: Leda's Liquefaction
 14973 | D:14     | Noticed Kirke
 14994 | D:14     | Killed Kirke
 15310 | D:14     | Found a gate to the Vaults.
 15432 | D:14     | Noticed a vault guard
 15466 | D:14     | Killed a vault guard
 15702 | D:14     | Found Kegex's Magic Scroll Shop.
 15708 | D:14     | Bought a scroll of identify for 26 gold pieces
 15708 | D:14     | Bought a scroll of enchant weapon for 97 gold pieces
 15863 | D:14     | Killed Roxanne
 15952 | D:15     | Entered Level 15 of the Dungeon
 16076 | D:15     | Received a gift from Okawaru
 16103 | D:15     | Found an ornate altar of the Wu Jian Council.
 16201 | D:15     | Reached skill level 5 in Spellcasting
 16213 | D:15     | Reached skill level 5 in Earth Magic
 16213 | D:15     | Reached skill level 5 in Alchemy
 16270 | D:15     | Identified the +2 mace of Orar {freeze, rPois rF- Stlth+}
 16291 | D:15     | Noticed a centaur warrior
 16303 | D:15     | Killed a centaur warrior
 16474 | D:15     | Noticed an ogre mage
 17345 | D:15     | Found a staircase to the Depths.
 17345 | D:15     | Noticed a stone giant
 17365 | D:15     | Killed a stone giant
 17697 | Lair:1   | Entered Level 1 of the Lair of Beasts
 17773 | Lair:1   | Reached XP level 14. HP: 80/81 MP: 23/23
 17787 | Lair:1   | Identified a scroll of acquirement
 17788 | Lair:1   | Acquired a manual of Spellcasting
 17830 | Lair:1   | Received a gift from Okawaru
 19185 | Lair:2   | Received a gift from Okawaru
 19717 | Lair:2   | Learned a level 4 spell: Petrify
 20406 | Lair:3   | Found a staircase to the Swamp.
 20425 | Lair:3   | Reached skill level 10 in Spellcasting
 20544 | Lair:3   | Reached ****** piety under Okawaru
 20562 | Lair:3   | Received a gift from Okawaru
 20845 | Lair:3   | Acquired the +3 triple crossbow "Vezam" {freeze, Int+3
                  | Dex+2 SInv}
 20845 | Lair:3   | Received a gift from Okawaru
 20848 | Lair:3   | Acquired the +0 robe "Baurphaps" {Will+ Str+5}
 20848 | Lair:3   | Received a gift from Okawaru
 21081 | Lair:3   | HP: 4/82 [seven-headed hydra (9)]
 21081 | Lair:3   | Slain by a seven-headed hydra

Illustrated notes

Levels and vault maps discovered:
D:1:      nicolae_arrival_memento_mori, layout_basic
D:2:      layout_rooms, shapermc_ecumenical_altar_pompeii
D:3:      layout_basic, bh_walls_and_bars
D:4:      corexii_shack_village, layout_basic, minmay_temple_entry_large_hall,
          serial_shops, nicolae_shop_tiny_real_fake_doors, portal_sewer_entry_d,
          serial_rivers, chequers_serial_rivers_micro_d,
          chequers_serial_rivers_small_a, chequers_serial_rivers_marsh,
          chequers_serial_rivers_room_a, sigmund_army, uniq_natasha,
          uniq_eustachio, uniq_pikel
D:5:      layout_rooms, mainiacjoe_overflow_catch_the_wave,
          serial_library_regret_index_double_sided, minivault_1
D:6:      layout_loops_ring, kennysheep_minor_cross, chequers_mini_garden
D:7:      layout_gridville, grunt_ministairs_5, minmay_misc_feat_more_columns,
          minmay_ruined_shrine, uniq_maurice
D:8:      layout_rooms, chequers_temple_overflow_minitemple, minivault_25
D:9:      layout_roguey, erik_lair_orcish_takeover, abandoned_shop,
          serial_bayou_ford_a
D:10:     layout_roguey, grunt_temple_overflow_magic_moments, orc_0_dummy,
          serial_shops, nicolae_shop_rolling_square, nicolae_shop_unique_rings,
          kennysheep_generic_room_11
D:11:     layout_basic, serial_glass, glass_columns_a, glass_columns_c,
          item_on_display_a, item_on_display_a, due_unseen_surprise,
          vehumet_statue
D:12:     layout_layer_cave
D:13:     layout_roguey
D:14:     layout_loops_ring, hellmonk_vaults_keyhole, serial_shops,
          nicolae_lakefront_shop, nicolae_twisty_statue_hallways, uniq_roxanne,
          uniq_kirke
D:15:     grunt_enter_depths_snipers, layout_long_grid,
          nzn_wu_jian_contemplation
Temple:   hellmonk_temple_two_chambers
Lair:1:   layout_regular_city, uniq_maggie
Lair:2:   layout_cave_pods
Lair:3:   layout_regular_city, nicolae_swamp_entry_spooky,
          spider_nest_entry_web_field, serial_bayou_shore_a

Skill      XL: |  1  2  3  4  5  6  7  8  9 10 11 12 13 14 |
---------------+-------------------------------------------+-----
Fighting       | 3 4 5 7 |  7.0
Ranged Weapons | 6 8 9 10 12 15 | 15.0
Dodging        | 3 6 10 | 10.0
Evocations     | 6 8 10 | 10.0
Stealth        | 5 8 |  8.0
Invocations    | 5 8 11 | 11.0
Spellcasting   | 1 6 10 | 10.7
Earth Magic    | 1 6 8 |  8.7
Alchemy        | 1 6 8 |  8.7

Action                     |  1- 3 |  4- 6 |  7- 9 | 10-12 | 13-15 || total
---------------------------+-------+-------+-------+-------+-------++-------
  Melee: Unarmed           |       |       |       |       |     4 ||     4
   Fire: Shortbow          |    76 |   102 |   318 |   698 |   767 ||  1961
         Triple crossbow   |       |       |       |       |    31 ||    31
   Cast: Petrify           |       |       |       |       |     4 ||     4
         Leda's Liquefacti |       |       |       |       |     3 ||     3
 Invoke: Heroism           |       |       |     1 |     1 |     5 ||     7
         Finesse           |       |       |       |       |     1 ||     1
         Receive Weapon    |       |       |       |       |     1 ||     1
         Receive Armour    |       |       |       |       |     1 ||     1
  Evoke: Wand              |       |       |       |     3 |     4 ||     7
    Use: Scroll            |     5 |     4 |    12 |     5 |     5 ||    31
         Potion            |       |       |     3 |     4 |     5 ||    12
 Armour: Leather armour    |    19 |    26 |    28 |       |       ||    73
         Robe              |       |       |    35 |   125 |   170 ||   330
         Skin              |       |       |       |    12 |     2 ||    14
  Dodge: Dodged            |    19 |    24 |   112 |   302 |   568 ||  1025

Table legend: (Time is in decaauts)
 A = Elapsed time spent in this place.
 B = Non-inter-level travel time spent in this place.
 C = Inter-level travel time spent in this place.
 D = Time resting spent in this place.
 E = Time spent auto-exploring this place.
 F = Levels seen in this place.
 G = Mean time per level.
                   A        B        C        D        E       F      G
               +--------+--------+--------+--------+--------+-----+--------+
         Total |  20656 |  19837 |    819 |   4256 |  12881 |  20 | 1032.8 |
       Dungeon |  17160 |  16438 |    722 |   3915 |  10440 |  15 | 1144.0 |
        Temple |      8 |      1 |      7 |      0 |      0 |   1 |    8.0 |
          Lair |   3263 |   3174 |     89 |    341 |   2300 |   3 | 1087.7 |
         Sewer |    223 |    223 |      0 |      0 |    140 |   1 |  223.0 |
               +--------+--------+--------+--------+--------+-----+--------+

Top non-repeatable levels by time:
    D:14: 2367 daAuts
    D:11: 1591 daAuts
    D:15: 1559 daAuts
     D:7: 1496 daAuts
  Lair:2: 1288 daAuts
    D:12: 1262 daAuts
     D:3: 1107 daAuts
  Lair:1: 1098 daAuts
     D:5: 1094 daAuts
    D:10: 1047 daAuts
    D:13: 893 daAuts
     D:8: 892 daAuts
  Lair:3: 876 daAuts
     D:9: 850 daAuts
     D:4: 844 daAuts
